 Dungeon Crawl Stone Soup version 0.23-a0-307-gc3b755d (webtiles) character file.

14 iamserjio the Grave Robber (level 2, 1/16 HPs)
             Began as a Tengu Necromancer on Oct 10, 2018.
             Quit the game on level 2 of the Dungeon.
             The game lasted 00:02:30 (410 turns).

iamserjio the Grave Robber (Tengu Necromancer)       Turns: 410, Time: 00:02:31

Health: 1/16       AC:  2    Str:  8    XL:     2   Next: 45%
Magic:  0/6        EV: 12    Int: 15    God:
Gold:   45         SH:  0    Dex: 14    Spells: 3/5 levels left

rFire    . . .     SeeInvis .     - Unarmed
rCold    . . .     Gourm    .   (no shield)
rNeg     . . .     Faith    .   a - +0 robe
rPois    .         Spirit   +   (helmet restricted)
rElec    .         Reflect  .   (no cloak)
rCorr    .         Harm     .   (no gloves)
MR       .....                  (boots unavailable)
Stlth    ++........             b - amulet of guardian spirit
HPRegen  0.05/turn              (no ring)
MPRegen  0.10/turn              (no ring)

@: lethally poisoned (1 -> -4)
A: beak, talons 3
a: no special abilities


You were on level 2 of the Dungeon.
You were not hungry.

You visited 1 branch of the dungeon, and saw 2 of its levels.

You collected 45 gold pieces.

Inventory:

Missiles
 h - a throwing net (quivered) {!f}
Armour
 a - a +0 robe (worn)
Jewellery
 b - an amulet of guardian spirit (around neck)
Scrolls
 d - a scroll of random uselessness {unknown}
 e - a scroll of amnesia {unknown}
 g - 3 scrolls of identify {unknown}
Comestibles
 c - a ration
 f - 3 chunks of flesh


   Skills:
 + Level 0.8 Fighting
 - Level 2.1 Dodging
 - Level 2.0 Stealth
 * Level 1.4 Unarmed Combat
 - Level 2.0 Spellcasting
 + Level 4.5 Necromancy


You had 3 spell levels left.
You knew the following spells:

 Your Spells              Type           Power        Failure   Level  Hunger
a - Pain                  Necr           ###.         3%          1    #......
b - Animate Skeleton      Necr           N/A          3%          1    #......

Your spell library contained the following spells:

 Spells                   Type           Power        Failure   Level  Hunger
 Vampiric Draining        Necr           ###.......   11%         3    ###....
 Regeneration             Chrm/Necr      #.........   26%         3    ###....
 Animate Dead             Necr           N/A          34%         4    #####..


Dungeon Overview and Level Annotations

Branches:
Dungeon (2/15)

Altars:


Innate Abilities, Weirdness & Mutations

You have a beak for a mouth.
You have claws for feet.


Message History

There is a stone staircase leading down here.
You climb downwards.
There is a stone staircase leading up here.
Found a stone staircase leading down.
Put on which piece of jewellery? (? for menu, Esc to quit)
You feel your power drawn to a protective spirit.
b - an amulet of guardian spirit (around neck)
There is a stone staircase leading down here.
Found a scroll labeled ZEAT GUMNAYSA.
An adder comes into view.
The adder hisses angrily.
Casting: Pain (safe; 3% risk of failure)
Aiming: Pain (safe; 3% risk of failure)
Aim: an adder (chance to defeat MR: 80%)
The adder writhes in agony!
The adder bites you.
* * * LOW HITPOINT WARNING * * *
You are lethally poisoned!
The adder poisons you!
You aren't carrying any potions.
Unknown command.

#.# #.# #.#
#.# #.# #.#
#.# #.# #.#
#.#
.#.#.####.#
..?...S@..#
...#.######


You could see an adder.

Vanquished Creatures
  A dart slug (D:1)
  A leopard gecko (D:1)
  2 bats (D:1)
  2 hobgoblins (D:1)
  A jackal (D:1)
  2 kobolds (D:1)
  A ball python (D:1)
  A rat (D:1)
11 creatures vanquished.

Notes
Turn   | Place    | Note
-------+----------+-------------------------------------------
     0 | D:1      | iamserjio the Tengu Necromancer began the quest for the
                  | Orb.
     0 | D:1      | Reached XP level 1. HP: 10/10 MP: 4/4
   266 | D:1      | Reached skill level 1 in Unarmed Combat
   272 | D:1      | Reached XP level 2. HP: 8/16 MP: 0/6
   312 | D:1      | Learned a level 1 spell: Animate Skeleton
   410 | D:2      | Quit the game

Vault maps used:
D:1:      wheals_arrival_shading
D:2:      lemuel_coloured_pillars_altar, uniq_sigmund

Skill      XL: |  1 |
---------------+----+-----
Unarmed Combat | 1 |  1.4
Fighting       | |  0.8
Dodging        | |  2.1
Stealth        | |  2.0
Spellcasting   | |  2.0
Necromancy     | |  4.5

Action                   || total
-------------------------++-------
Melee: Unarmed           ||     8
       Kick              ||     1
 Cast: Pain              ||    14
 Stab: Sleeping          ||     1
Armor: Robe              ||     5
Dodge: Dodged            ||     5

Table legend:
 A = Non-vault XP
 B = Vault XP
 C = Vault XP percentage of total XP
 D = Non-vault monster count
 E = Vault monster count
 F = Vault count percentage of total count
                 A         B        C        D         E       F
            +---------+---------+-------+---------+---------+-------
      Total |      21 |       0 |   0.0 |      11 |       0 |   0.0
            +---------+---------+-------+---------+---------+-------
        D:1 |      21 |       0 |   0.0 |      11 |       0 |   0.0
            +---------+---------+-------+---------+---------+-------
